 Dungeon Crawl Stone Soup version 0.21.0-24-g2553a33 (webtiles) character file.

4 Monsterracer the Skirmisher (level 1, -1/17 HPs)
             Began as a Vampire Abyssal Knight on Jan 20, 2018.
             Was an Initiate of Lugonu.
             Slain by a jackal (3 damage)
             ... on level 1 of the Dungeon.
             The game lasted 00:00:13 (105 turns).

Monsterracer the Skirmisher (Vampire Abyssal Knight) Turns: 105, Time: 00:00:13

Health: -1/17      AC:  3    Str: 11    XL:     1   Next: 58%
Magic:  2/2        EV: 12    Int: 14    God:    Lugonu [......]
Gold:   0          SH:  0    Dex: 13    Spells: 0/0 levels left

rFire    . . .     SeeInvis +   a - +1 falchion
rCold    . . .     Gourm    .   (no shield)
rNeg     + . .     Faith    .   b - +0 leather armour
rPois    .         Spirit   .   (no helmet)
rElec    .         Reflect  .   (no cloak)
rCorr    .         Harm     .   (no gloves)
MR       .....                  (no boots)
Stlth    +.........             (no amulet)
HPRegen  0.05/turn              (no ring)
MPRegen  0.08/turn              (no ring)

@: no status effects
A: fangs 3, see invisible, unbreathing
a: Renounce Religion


You were on level 1 of the Dungeon.
You worshipped Lugonu.
Lugonu was noncommittal.
You were not thirsty.

You visited 1 branch of the dungeon, and saw 1 of its levels.
You visited the Abyss 1 time.

Inventory:

Hand Weapons
 a - a +1 falchion (weapon)
Armour
 b - a +0 leather armour (worn)
Scrolls
 d - a scroll of identify {unknown}
Potions
 c - a potion of blood


   Skills:
 - Level 2.6 Fighting
 + Level 2.4 Long Blades
 - Level 0.7 Armour
 - Level 2.1 Dodging
 - Level 1.5 Invocations


You couldn't memorise any spells.
You didn't know any spells.

Dungeon Overview and Level Annotations

Branches:
Dungeon (1/15)

Altars:


Innate Abilities, Weirdness & Mutations

You have razor-sharp teeth.
You have supernaturally acute eyesight. (SInv)
You can survive without breathing.


Message History

Welcome, Monsterracer the Vampire Abyssal Knight.
It is said that the Orb of Zot exists deep within this dungeon.
Lugonu says: Depart the Abyss and spread corruption, my servant! (use the ability menu to exit the Abyss) Press ? for a list of commands and other information.
Found a ration.
Found a corrupted altar of Lugonu.
No target in view!
No target in view!
No target in view!
No target in view!
You enter the shallow water.
Moving in this stuff is going to be slow.
Found 15 poisoned needles.
You see here 15 poisoned needles.
A shadow dragon zombie comes into view.
A shadow dragon zombie is nearby!
A shadow dragon zombie is nearby!
You pass through the gate.
You can no longer depart the Abyss at will.
Found a scroll labeled UHEFIWN KUFOGEJA.
There is a staircase leading out of the dungeon here.
Okay, then.
You now have 1/2 mp.
Magic restored.
d - a scroll labeled UHEFIWN KUFOGEJA MP restored: 2 No target in view!
You open the large door. 2 frilled lizards, a giant cockroach and a goblin come into view.
The goblin shouts!
You hear a shout!
The frilled lizard hisses angrily. x2
Found 6 gold pieces.
A hobgoblin comes into view. It is wielding a club.
The frilled lizard bites you.
The hobgoblin moves out of view.
Found 19 stones.
There is a large open door here.
You take 1 damage, and have 16/17 hp.
There are monsters nearby!
You miss the frilled lizard. Your bite misses the frilled lizard.
The frilled lizard closely misses you. The goblin hits you with a club.
You take 2 damage, and have 14/17 hp.
There are monsters nearby!
You hit the frilled lizard.
You kill the frilled lizard!
Lugonu accepts your kill. The bat closely misses you.
The goblin hits you but does no damage.
A bat and a jackal come into view.
The jackal barks!
You hit the giant cockroach.
The giant cockroach is severely wounded.
The bat closely misses you.
You riposte.
You hit the bat.
You kill the bat!
Lugonu accepts your kill. The frilled lizard barely misses you.
The giant cockroach closely misses you. The goblin closely misses you.
A jackal comes into view.
You closely miss the giant cockroach.
The jackal barks!
Your bite misses the giant cockroach.
The giant cockroach is severely wounded.
The giant cockroach barely misses you. The frilled lizard bites you.
The goblin hits you but does no damage. The giant cockroach bites you.
You take 2 damage, and have 12/17 hp.
You are too injured to fight recklessly!
You are too injured to fight recklessly!
You are too injured to fight recklessly!
The frilled lizard bites you but does no damage.
The goblin misses you.
You riposte.
You barely miss the goblin.
A jackal comes into view.
You see here a bat corpse.
The goblin hits you with a club. The frilled lizard bites you.
You take 3 damage, and have 9/17 hp.
The hobgoblin shouts!
You hear a bark!
The hobgoblin hits you with a club.
* * * LOW HITPOINT WARNING * * *
You take 4 damage, and have 5/17 hp.
MASSIVE DAMAGE!!
The giant cockroach bites you but does no damage.
The hobgoblin hits you but does no damage.
You see here 6 gold pieces.
The giant cockroach bites you but does no damage.
You hit the hobgoblin.
The hobgoblin is severely wounded.
The hobgoblin hits you with a club.
* * * LOW HITPOINT WARNING * * *
You take 3 damage, and have 2/17 hp.
You hit the hobgoblin.
You kill the hobgoblin!
Lugonu accepts your kill.
You barely miss the giant cockroach.
The giant cockroach is severely wounded.
The giant cockroach barely misses you.
You hit the giant cockroach.
You kill the giant cockroach!
Lugonu accepts your kill. The jackal bites you.
* * * LOW HITPOINT WARNING * * *
You take 1 damage, and have 2/17 hp.
You closely miss the jackal. The jackal bites you.
You die...

....... .(......#
........#############+
........+..hgh@.......
...h....##l######.####
........##.####
.........#$h..#
#...†h†lg.#.#
#..##''##....#
#....#.....#
#....####### #....#


You could see 2 jackals, a goblin and a frilled lizard.

Vanquished Creatures
  A bat (D:1)
  A giant cockroach (D:1)
  A hobgoblin (D:1)
  A frilled lizard (D:1)
4 creatures vanquished.

Notes
Turn   | Place    | Note
-------+----------+-------------------------------------------
     0 | Abyss:1  | Monsterracer the Vampire Abyssal Knight began the quest for the Orb.
     0 | Abyss:1  | Reached XP level 1. HP: 17/17 MP: 2/2
    67 | Abyss:1  | Noticed a shadow dragon zombie
    68 | D:1      | Escaped the Abyss
    93 | D:1      | HP: 5/17 [hobgoblin/club (4)]
    97 | D:1      | HP: 2/17 [hobgoblin/club (3)]
   104 | D:1      | HP: 2/17 [jackal (1)]
   105 | D:1      | Slain by a jackal

Action                   || total
-------------------------++-------
Melee: Falchion          ||     9
Invok: Depart the Abyss  ||     1
Armor: Leather armour    ||     4
Dodge: Dodged            ||     9
       Rpst.: Falchion   ||     2

Vault maps used:
D:1:      sevenhm_arrival_forest_fort_small_6, hex_medium, hex_large
